 Dungeon Crawl Stone Soup version 0.18.1-8-gdd0e5ea (webtiles) character file.

931 juanjsm the Covert (level 7, -1/32 HPs)
             Began as a Spriggan Enchanter on May 31, 2016.
             Slain by a centaur (7 damage)
             ... on level 6 of the Dungeon.
             The game lasted 00:18:23 (3680 turns).

juanjsm the Covert (Spriggan Enchanter)             Turns: 3680, Time: 00:18:24

Health: -1/32      AC:  3    Str:  9    XL:     7   Next: 86%
Magic:  1/14       EV: 21    Int: 19    God:
Gold:   128        SH:  0    Dex: 16    Spells: 4 memorised, 5 levels left

rFire  . . .     SeeInvis +     a - +1 dagger
rCold  . . .     Gourm    .     s - +0 robe of the Journeyman {Str+5} (curse)
rNeg   . . .     Faith    .     (shield restricted)
rPois  .         Spirit   .     (helmet restricted)
rElec  .         Dismiss  .     i - +0 cloak (curse)
rCorr  .         Reflect  .     (gloves unavailable)
SustAt .         Harm     .     (boots unavailable)
MR     +....                    (no amulet)
Stlth  +++++.....               (no ring)
                                (no ring)

@: very quick, somewhat resistant to hostile enchantments, quite stealthy
A: unfitting armour, see invisible, herbivore 3, speed 3, slow metabolism 2
a: no special abilities


You were on level 6 of the Dungeon.
You were not hungry.

You visited 1 branch of the dungeon, and saw 7 of its levels.

You collected 321 gold pieces.
You spent 193 gold pieces at shops.

Inventory:

Hand Weapons
 a - a +1 dagger (weapon)
Armour
 b - a +1 robe
 i - a cursed +0 cloak (worn)
 s - the cursed +0 robe of the Journeyman (worn) {Str+5}
   (You bought it in a shop on level 4 of the Dungeon)

   It affects your strength (+5).
   It has a curse placed upon it.
Jewellery
 v - an uncursed ring of poison resistance {unknown}
Wands
 m - a wand of flame (17/48)
 r - a wand of hasting (4/9)
Scrolls
 e - 3 scrolls of remove curse {unknown}
 g - 4 scrolls of teleportation {unknown}
 h - a scroll of enchant armour {unknown}
 j - a scroll of identify {unknown}
 k - 2 scrolls of magic mapping {unknown}
 l - a scroll of blinking {unknown}
 n - a scroll of fear {unknown}
 t - a scroll of amnesia {unknown}
Potions
 o - a potion of lignification {unknown}
 w - a potion of flight {unknown}
Books
 c - a book of Maledictions

   Spells                             Type                      Level
   a - Corona                         Hexes                        1
   b - Ensorcelled Hibernation        Hexes/Ice                    2
   c - Confuse                        Hexes                        3
   d - Tukima's Dance                 Hexes                        3
   e - Dazzling Spray                 Conjuration/Hexes            3
 q - a book of the Sky

   Spells                             Type                      Level
   a - Summon Lightning Spire         Summoning/Air                4
   b - Airstrike                      Air                          4
   c - Silence                        Hexes/Air                    5
   d - Deflect Missiles               Charms/Air                   6
   e - Conjure Ball Lightning         Conjuration/Air              6
   f - Tornado                        Air                          9
 u - the Volume of Burning Augmentations
   (You found it on level 6 of the Dungeon)

   Spells                             Type                      Level
   a - Sticky Flame                   Conjuration/Fire             4
   b - Warp Weapon                    Charms/Translocation         5
   c - Bolt of Magma                  Conjuration/Fire/Earth       5
   d - Haste                          Charms                       6
Comestibles
 d - 5 bread rations
 p - 2 fruits


   Skills:
 + Level 0.4 Fighting
 * Level 3.7 Short Blades
 * Level 5.9 Dodging
 * Level 10.3 Stealth
 + Level 4.3 Spellcasting
 + Level 5.1 Hexes


You had 5 spell levels left.
You knew the following spells:

 Your Spells              Type           Power        Failure   Level  Hunger
a - Corona                Hex            ###....      1%          1    None
b - Ensorcelled Hibernat  Hex/Ice        ##....       10%         2    #......
c - Confuse               Hex            ###.....     6%          3    ###....
d - Dazzling Spray        Conj/Hex       ##......     14%         3    ###....


Dungeon Overview and Level Annotations

Branches:
Dungeon (7/15)
 Temple: D:4-7

Altars:
Kikubaaqudgha
Trog
Yredelemnul

Shops:
D:4 [


Innate Abilities, Weirdness & Mutations

You are tiny and cannot use many weapons and most armour.
You have supernaturally acute eyesight.
You are a herbivore.
You cover ground extremely quickly.
You need consume almost no food.


Message History

You hit the centaur but do no damage.
The centaur is heavily wounded.
The centaur closely misses you. The centaur hits you.
* * * LOW HITPOINT WARNING * * *
You barely miss the centaur.
The centaur is heavily wounded.
The centaur closely misses you.
You hit the centaur.
The centaur is heavily wounded.
The centaur misses you.
You hit the centaur.
The centaur is heavily wounded.
The centaur closely misses you. x2
You hit the centaur.
The centaur is severely wounded.
The centaur misses you.
You hit the centaur.
The centaur is severely wounded.
The centaur hits you!
You die...

..#####.#
#.# ### #)#
#.#
#)#######.#
#))(......#
###.#######
#.# #.#
#.########.#
#.##.c@...(#
#.##.#######
#.##.#
#.##o#
#.##(#
#.##.####
##.......#
#...(....#
#.........#


You could see a centaur.

Vanquished Creatures
  A sky beast (D:6)
  An ogre (D:4)
  A centaur (D:5)
  A big kobold (D:6)
  3 giant frogs
  A scorpion (D:5)
  A howler monkey (D:6)
  2 crimson imps
  A hound (D:5)
  An orc wizard (D:4)
  An iguana (D:5)
  A worker ant (D:5)
  6 adders
  A shadow imp (D:5)
  An ooze (D:2)
  A worm (D:3)
  A dart slug (D:4)
  A giant gecko (D:5)
  17 orcs
  A bat zombie (D:1)
  5 giant cockroaches
  A goblin (D:2)
  3 hobgoblins (D:1)
  5 jackals
  12 kobolds
  3 quokkas
  2 ball pythons
  A ball python zombie (D:1)
  2 bats (D:1)
  3 giant newts
  2 gnoll zombies (D:4)
  2 rats (D:1)
85 creatures vanquished.

Notes
Turn   | Place    | Note
--------------------------------------------------------------
     0 | D:1      | juanjsm the Spriggan Enchanter began the quest for the Orb.
     0 | D:1      | Reached XP level 1. HP: 9/9 MP: 5/5
   291 | D:1      | Reached XP level 2. HP: 8/13 MP: 4/6
   295 | D:1      | Learned a level 2 spell: Ensorcelled Hibernation
   825 | D:2      | Reached skill level 5 in Stealth
   893 | D:2      | Reached XP level 3. HP: 16/16 MP: 4/8
  1079 | D:2      | Found a bloodstained altar of Trog.
  1220 | D:3      | Noticed a sky beast
  1670 | D:3      | Learned a level 3 spell: Confuse
  1819 | D:5      | Entered Level 5 of the Dungeon
  1871 | D:4      | Reached XP level 4. HP: 21/21 MP: 9/9
  1876 | D:4      | Learned a level 3 spell: Dazzling Spray
  1967 | D:4      | Found a basalt altar of Yredelemnul.
  2043 | D:4      | Found an ancient bone altar of Kikubaaqudgha.
  2091 | D:4      | Reached skill level 6 in Stealth
  2377 | D:5      | Noticed a centaur
  2612 | D:4      | Noticed an ogre
  2647 | D:4      | Killed an ogre
  2647 | D:4      | Reached skill level 7 in Stealth
  2647 | D:4      | Reached XP level 5. HP: 24/24 MP: 1/11
  2935 | D:4      | Found Lepu's Antique Armour Shoppe.
  2943 | D:4      | Bought a faintly humming robe for 193 gold pieces
  2953 | D:4      | Identified the cursed +0 robe of the Journeyman {Str+5} (You bought it in a shop on level 4 of the Dungeon)
  3048 | D:5      | Reached XP level 6. HP: 28/28 MP: 5/12
  3136 | D:5      | Reached skill level 8 in Stealth
  3153 | D:6      | Identified the Volume of Burning Augmentations
  3210 | D:5      | Reached skill level 9 in Stealth
  3294 | D:5      | Reached XP level 7. HP: 31/32 MP: 3/13
  3514 | D:6      | Reached skill level 5 in Dodging
  3574 | D:6      | Reached skill level 10 in Stealth
  3610 | D:6      | Reached skill level 5 in Hexes
  3680 | D:6      | Slain by a centaur

Skill      XL: |  1  2  3  4  5  6  7 |
---------------+----------------------+-----
Stealth        | 5 7 9 10 | 10.3
Hexes          | 4 5 |  5.1
Spellcasting   | 3 4 |  4.3
Short Blades   | 2 3 |  3.7
Dodging        | 4 5 |  5.9
Fighting       | |  0.4

Action                   |  1- 3 |  4- 6 |  7- 9 || total
-------------------------+-------+-------+-------++-------
Melee: Dagger            |    87 |   110 |    87 ||   284
 Cast: Corona            |     5 |       |       ||     5
       Ensorcelled Hiber |    16 |    25 |    14 ||    55
       Confuse           |       |     4 |     3 ||     7
       Dazzling Spray    |       |     1 |       ||     1
 Stab: Sleeping          |    23 |    23 |     7 ||    53
       Distracted        |     1 |     1 |       ||     2
       Confused          |       |     2 |     2 ||     4
       Invisible         |       |     2 |       ||     2
  Eat: Pizza             |       |     1 |     2 ||     3
Armor: Robe              |     9 |    12 |     5 ||    26
Dodge: Dodged            |    68 |    69 |    85 ||   222
